 Dungeon Crawl Stone Soup version 0.29.1-4-g47bece8355 (webtiles) character file.

Game seed: 5884091140674524798

8447 RKaid the Zephyrmancer (level 11, -4/74 HPs)
             Began as an Octopode Air Elementalist on Dec 3, 2022.
             Was an Initiate of Gozag.
             Engulfed by a cloud of freezing vapour (19 damage)
             ... on level 10 of the Dungeon.
             The game lasted 00:42:28 (13735 turns).

RKaid the Zephyrmancer (Octopode Air Elementalist) Turns: 13735, Time: 00:42:29

Health: -4/74      AC:  1    Str:  8    XL:     11   Next: 31%
Magic:  0/29       EV: 17    Int: 24    God:    Gozag
Gold:   1007       SH:  0    Dex: 18    Spells: 7/23 levels left

rFire   . . .      SeeInvis +   a - +7 trident of Autumn {venom, Int+2}
rCold   . . .      Faith    .   (no shield)
rNeg    . . .      Spirit   .   (helmet restricted)
rPois   .          Reflect  .   h - amulet of regeneration {+regen}
rElec   .          Harm     .   j - ring of magical power {MP+9}
rCorr   +          Rampage  .   n - ring of resist corrosion
Will    .....                   t - ring of see invisible {sInv}
Stlth   +++.......              w - +6 ring of dexterity
HPRegen 1.02/turn               (no ring)
MPRegen 0.21/turn               (no ring)
                                (no ring)
                                (no ring)

@: on blink cooldown
A: almost no armour, amphibious, 8 rings, camouflage 1, gelatinous body 1,
(nimble swimmer 1), tentacles
a: Renounce Religion, Potion Petition, Call Merchant, Bribe Branch


You were on level 10 of the Dungeon.
You worshipped Gozag.
Gozag was most pleased with you.
You visited 2 branches of the dungeon, and saw 11 of its levels.

You collected 1178 gold pieces.
You paid 171 gold pieces to Gozag.

Inventory:

Hand Weapons
 a - the +7 trident of Autumn (weapon) {venom, Int+2}
   (You found it on level 4 of the Dungeon)

   It poisons the flesh of those it strikes.
   Int:       It affects your intelligence (+2).
Missiles
 g - 7 curare-tipped darts (quivered)
Magical Staves
 p - a staff of earth
   (You found it on level 2 of the Dungeon)
Jewellery
 h - an amulet of regeneration (around mantle) {+regen}
   (You found it on level 4 of the Dungeon)
 j - a ring of magical power (left tentacle) {MP+9}
   (You found it on level 2 of the Dungeon)
 n - a ring of resist corrosion (right tentacle)
   (You found it on level 3 of the Dungeon)
 t - a ring of see invisible (on tentacle) {sInv}
   (You found it on level 4 of the Dungeon)
 w - a +6 ring of dexterity (on tentacle)
   (You found it on level 5 of the Dungeon)
Wands
 i - a wand of roots (15)
   (You found it on level 8 of the Dungeon)
 x - a wand of mindburst (18)
   (You found it on level 6 of the Dungeon)
Scrolls
 b - 2 scrolls of teleportation {unknown}
 d - 3 scrolls of fear
 l - 2 scrolls of butterflies
 o - 2 scrolls of amnesia
 q - 2 scrolls of torment {!r}
 r - 3 scrolls of enchant armour
 y - a scroll of magic mapping {!r}
 C - a scroll of enchant weapon {unknown}
 D - a scroll of blinking {unknown}
 F - 2 scrolls of noise {unknown}
 H - a scroll of summoning
Potions
 c - 4 potions of curing
 e - 4 potions of haste
 f - 3 potions of lignification {!q}
 k - 3 potions of heal wounds {unknown}
 m - 2 potions of ambrosia
 s - a potion of magic
 u - 2 potions of might
 v - 2 potions of flight
 z - 4 potions of attraction {!q}
 A - a potion of berserk rage {unknown}
 B - a potion of mutation {unknown}
 E - a potion of cancellation {unknown}
 G - a potion of brilliance {unknown}


   Skills:
 + Level 6.7 Fighting
 + Level 7.1 Dodging
 - Level 2.6 Stealth
 + Level 6.5 Spellcasting
 + Level 6.9 Conjurations
 - Level 4.0 Translocations
 + Level 2.7 Fire Magic
 + Level 5.0 Ice Magic
 - Level 8.2 Air Magic


You had 7 spell levels left.
You knew the following spells:

 Your Spells              Type           Power      Damage    Failure   Level
a - Shock                 Conj/Air       100%       1d9       1%          1
b - Airstrike             Air            23%        2d(4-20)  2%          4
c - Freezing Cloud        Conj/Ice/Air   20%        6-21      13%         5
d - Flame Wave            Conj/Fire      31%        2d9       11%         4
B - Blink                 Tloc           54%        N/A       2%          2

Your spell library contained the following spells:

 Spells                   Type           Power      Damage    Failure   Level
 Foxfire                  Conj/Fire      100%       2x1d9     1%          1
 Static Discharge         Conj/Air       44%        3-9/arc   1%          2
 Swiftness                Air            47%        N/A       1%          3
 Mephitic Cloud           Conj/Pois/Air  32%        N/A       2%          3
 Scorch                   Fire           42%        2d7       3%          2
 Conjure Flame            Conj/Fire      31%        6-21      3%          3
 Ozocubu's Armour         Ice            31%        N/A       3%          3
 Lesser Beckoning         Tloc           27%        N/A       4%          3
 Stone Arrow              Conj/Erth      48%        3d10      5%          3
 Sandblast                Erth           14%        2d6       8%          1
 Passwall                 Tmut/Erth      5%         N/A       12%         2
 Inner Flame              Hex/Fire       14%        N/A       13%         3
 Ignite Poison            Fire/Tmut/Pois 12%        N/A       16%         3
 Fulminant Prism          Conj/Hex       12%        3d9       19%         4
 Manifold Assault         Tloc           27%        N/A       38%         5
 Summon Mana Viper        Hex/Summ       7%         N/A       91%         5
 Enfeeble                 Hex            3%         N/A       100%        7
 Ozocubu's Refrigeration  Ice            15%        4d10      100%        7
 Fire Storm               Conj/Fire      15%        8d4       100%        9


Dungeon Overview and Level Annotations

Branches:
Dungeon (10/15)            Temple (1/1) D:7            Lair (0/5) D:10
    Orc (0/2) D:9

Altars:
Ashenzari
Dithmenos
Elyvilon
Fedhas
Gozag
Hepliaklqana
Kikubaaqudgha
Makhleb
Nemelex Xobeh
Okawaru
Qazlal
Ru
Sif Muna
Trog
Uskayaw
Vehumet
Wu Jian
Xom
Yredelemnul
Zin
The Shining One

Shops:
D:3 (

Annotations:
D:5 2 runed translucent doors, rlgrobin's ghost, novice HuNe
D:8 exclusions: 3 doors and obsidian statue
D:9 Amaemon


Innate Abilities, Weirdness & Mutations

You cannot wear most types of armour.
You are amphibious.
You can wear up to eight rings at the same time.
Your skin changes colour to match your surroundings (Stealth+).
Your rubbery body absorbs attacks. (AC +1, EV +1)
((You are camouflaged when in or above water. (Stealth+)))
You have tentacles for arms and can constrict up to eight enemies at once.


Message History

Press: ? - help, Dir - move target, p - vampire mosquito You constrict the vampire mosquito, but do no damage.
The vampire mosquito bites you!
The vampire mosquito draws strength from your injuries!
The vampire mosquito is engulfed in freezing vapours. x2
The vampire mosquito barely misses you.
The vampire mosquito is engulfed in freezing vapours.
You hit the vampire mosquito.
You tentacle-slap the vampire mosquito, but do no damage.
Your squeeze misses the vampire mosquito.
You constrict the vampire mosquito.
The vampire mosquito is engulfed in freezing vapours.
The vampire mosquito completely misses you.
The vampire mosquito is engulfed in freezing vapours.
The vampire mosquito completely misses you.
The vampire mosquito is engulfed in freezing vapours.
You destroy the vampire mosquito!
The vampire mosquito bites you!
The vampire mosquito draws strength from your injuries!
You barely miss the vampire mosquito.
You tentacle-slap the vampire mosquito, but do no damage.
You constrict the vampire mosquito. The vampire mosquito misses you.
The wraith is engulfed in freezing vapours.
The vampire mosquito bites you.
The vampire mosquito draws strength from your injuries!
The wraith is engulfed in freezing vapours.
You puncture the vampire mosquito! You constrict the vampire mosquito.
You destroy the vampire mosquito!
The wraith is engulfed in freezing vapours.
Casting: Freezing Cloud (dangerous; 13% risk of failure)
Confirm with . or Enter, or press ? or * to list all spells.
Aiming: Shock (safe; 1% risk of failure)
Press: ? - help, Shift-Dir - straight line The zap misses the wraith.
The wraith barely misses you.
Casting: Shock (safe; 1% risk of failure)
Confirm with . or Enter, or press ? or * to list all spells.
Aiming: Airstrike (dangerous; 2% risk of failure)
Press: ? - help, Dir - move target, f - wraith
Aim: a wraith (heavily damaged, empty space bonus: 3/8)
The air twists around and strikes the wraith!
The wraith barely misses you.
Casting: Airstrike (dangerous; 2% risk of failure)
Confirm with . or Enter, or press ? or * to list all spells.
Aiming: Airstrike (dangerous; 2% risk of failure)
Press: ? - help, Dir - move target, f/p - wraith
Aim: a wraith (severely damaged, empty space bonus: 3/8)
The air twists around and strikes the wraith but does no damage.
The wraith completely misses you.
Casting: Airstrike (dangerous; 2% risk of failure)
Confirm with . or Enter, or press ? or * to list all spells.
Aiming: Airstrike (dangerous; 2% risk of failure)
Press: ? - help, Dir - move target, f/p - wraith
Aim: a wraith (severely damaged, empty space bonus: 3/8)
The air twists around and strikes the wraith!
The wraith misses you.
Casting: Airstrike (dangerous; 2% risk of failure)
Confirm with . or Enter, or press ? or * to list all spells.
Aiming: Airstrike (dangerous; 2% risk of failure)
Press: ? - help, Dir - move target, f/p - wraith
Aim: a wraith (almost destroyed, empty space bonus: 3/8)
The air twists around and strikes the wraith!
You destroy the wraith!
Your Ice Magic skill increases to level 5!
You start resting.
A vampire mosquito is nearby!
Casting: Airstrike (dangerous; 2% risk of failure)
Confirm with . or Enter, or press ? or * to list all spells.
Aiming: Airstrike (dangerous; 2% risk of failure)
Press: ? - help, Dir - move target, f - vampire mosquito
Aim: a vampire mosquito (heavily damaged, empty space bonus: 3/8)
The air twists around and strikes the vampire mosquito!
The vampire mosquito closely misses you.
The vampire mosquito barely misses you.
Casting: Airstrike (dangerous; 2% risk of failure)
Confirm with . or Enter, or press ? or * to list all spells.
You don't have enough magic to cast this spell.
Unknown command.
Unknown command.
You barely miss the vampire mosquito. Your grab misses the vampire mosquito.
The vampire mosquito bites you!
The vampire mosquito draws strength from your injuries!
The vampire mosquito bites you!
The vampire mosquito draws strength from your injuries!
You puncture the vampire mosquito! Your grab misses the vampire mosquito.
Your tentacle-slap misses the vampire mosquito.
Your squeeze misses the vampire mosquito.
The vampire mosquito bites you.
The vampire mosquito draws strength from your injuries!
The vampire mosquito bites you!
* * * LOW HITPOINT WARNING * * *
The vampire mosquito draws strength from your injuries!
The vampire mosquito bites you.
* * * LOW HITPOINT WARNING * * *
The vampire mosquito draws strength from your injuries!
Okay, then.
Casting: Airstrike (dangerous; 2% risk of failure)
Confirm with . or Enter, or press ? or * to list all spells.
You blink.
You are engulfed in freezing vapours.
You die...
Your body crumbles into a pile of gold.

#.#)......#....#
...............# .##
#..............# ..y
#...)..........# ..
#..).......#.### ..
...........#.#####.####
......#....#..○..#....###
......#.........§#.......
......#....#....@........
...........#.#.#y#.......
.......#.....#.#§#.###.##
.................#.#
........#..#.....#W#
..#..#..#..#.#.#.#.#
..#..............#..
.................#..
......(...##...#.#


You could see a vampire mosquito.

Vanquished Creatures
  A boulder beetle (D:9)
  A two-headed ogre (D:5)
  An orange demon (D:9)
  2 trolls (D:9)
  A hornet (D:8)
  A wraith (D:10)
  8 yaks
  A steam dragon (D:8)
  3 wargs (D:10)
  2 vampire mosquitoes (D:10)
  3 water moccasins
  6 orc warriors
  A sky beast (D:6)
  3 black bears
  An ogre (D:6)
  5 centaurs
  The ghost of ymhsbmbesitwf the Trooper, an amateur GrGl (D:3)
  3 kobold brigands
  Blork the orc (D:6)
  A bullfrog (D:7)
  4 scorpions
  A necrophage (D:6)
  4 wights (D:7)
  7 killer bees (D:8)
  4 electric eels
  A howler monkey (D:8)
  A jelly (D:5)
  A bullfrog zombie (D:3)
  2 hounds
  7 orc priests
  11 iguanas
  11 orc wizards
  A howler monkey zombie (D:3)
  3 gnolls (D:4)
  8 adders
  A white imp (D:7)
  An ufetubus (D:6)
  2 worms (D:2)
  5 dart slugs
  35 orcs
  7 endoplasms
  3 giant cockroaches
  7 goblins
  7 hobgoblins
  7 jackals
  18 kobolds
  2 quokkas
  10 ball pythons
  8 bats
  4 frilled lizards
  6 rats
235 creatures vanquished.

Vanquished Creatures (others)
  7 plants
7 creatures vanquished.

Grand Total: 242 creatures vanquished

Notes
Turn   | Place    | Note
-------+----------+-------------------------------------------
     0 | D:1      | RKaid the Octopode Air Elementalist began the quest for the
                  | Orb.
     0 | D:1      | Reached XP level 1. HP: 11/11 MP: 3/3
   133 | D:1      | Reached XP level 2. HP: 16/17 MP: 1/5
   746 | D:1      | Reached XP level 3. HP: 22/22 MP: 3/6
   966 | D:1      | Reached skill level 1 in Fighting
  1283 | D:1      | Got the Incunabulum of the Oath
  2047 | D:2      | Found a faded altar of an unknown god.
  2127 | D:2      | Found a shadowy altar of Dithmenos.
  2156 | D:2      | Reached XP level 4. HP: 28/28 MP: 7/7
  3060 | D:3      | Found a transporter.
  3062 | D:3      | Noticed ymhsbmbesitwf's ghost (amateur GrGl)
  3077 | D:3      | Found a transporter.
  3201 | D:3      | Found Sivvay's Weapon Boutique.
  3208 | D:3      | Learned a level 2 spell: Blink
  3224 | D:3      | Reached skill level 2 in Conjurations
  3953 | D:4      | Reached skill level 4 in Air Magic
  3953 | D:4      | Reached XP level 5. HP: 32/33 MP: 8/8
  4127 | D:4      | Identified the +7 trident of Autumn {venom, Int+2}
  4136 | D:4      | Learned a level 4 spell: Airstrike
  4195 | D:4      | Reached skill level 3 in Dodging
  4195 | D:4      | Reached skill level 1 in Translocations
  4496 | D:4      | Reached XP level 6. HP: 39/39 MP: 10/10
  4509 | D:4      | Reached skill level 2 in Fighting
  4799 | D:5      | Entered Level 5 of the Dungeon
  4799 | D:5      | Noticed a water moccasin
  4810 | D:4      | Killed a water moccasin
  4846 | D:5      | Found an ancient bone altar of Kikubaaqudgha.
  4860 | D:5      | Reached skill level 3 in Spellcasting
  4971 | D:5      | Reached XP level 7. HP: 40/45 MP: 11/11
  5055 | D:5      | Reached skill level 2 in Translocations
  5055 | D:5      | Reached skill level 5 in Air Magic
  5115 | D:5      | Found an iron altar of Okawaru.
  5124 | D:5      | Found a sacrificial altar of Ru.
  5281 | D:5      | Found a basalt altar of Yredelemnul.
  5307 | D:5      | Found a large runed translucent door.
  5307 | D:5      | Found a large runed translucent door.
  5310 | D:5      | Noticed rlgrobin's ghost (novice HuNe)
  5344 | D:5      | Noticed a two-headed ogre
  5493 | D:5      | Reached skill level 3 in Conjurations
  6163 | D:6      | Reached skill level 3 in Fighting
  6163 | D:6      | Reached XP level 8. HP: 29/52 MP: 13/13
  6261 | D:6      | Noticed Blork the orc
  6332 | D:6      | Reached skill level 4 in Dodging
  6508 | D:6      | Reached skill level 6 in Air Magic
  6557 | D:6      | Reached skill level 3 in Translocations
  6810 | D:6      | Reached skill level 4 in Spellcasting
  6982 | D:3      | Reached skill level 4 in Conjurations
  6984 | D:3      | Killed ymhsbmbesitwf's ghost
  7221 | D:5      | HP: 10/54 [two-headed ogre/+0 giant club (18)]
  7229 | D:5      | Killed a two-headed ogre
  7230 | D:5      | Reached skill level 4 in Fighting
  7230 | D:5      | Reached skill level 4 in Translocations
  7230 | D:5      | Reached skill level 7 in Air Magic
  7230 | D:5      | Reached XP level 9. HP: 20/59 MP: 6/15
  7338 | D:5      | Learned a level 5 spell: Freezing Cloud
  7600 | D:6      | Killed Blork the orc
  7601 | D:6      | Reached skill level 5 in Dodging
  7825 | D:7      | Reached skill level 1 in Ice Magic
  8232 | D:7      | Reached skill level 5 in Conjurations
  8361 | D:7      | Reached skill level 5 in Spellcasting
  8361 | D:7      | Reached skill level 2 in Ice Magic
  8485 | D:7      | Reached skill level 5 in Fighting
  8934 | D:7      | Reached XP level 10. HP: 66/66 MP: 17/17
  9079 | D:7      | Found a staircase to the Ecumenical Temple.
  9085 | Temple   | Entered the Ecumenical Temple
  9501 | D:8      | Reached skill level 3 in Ice Magic
  9645 | D:8      | Noticed an obsidian statue
  9697 | D:8      | Noticed a sun demon
  9867 | D:8      | Noticed a sun demon
  9867 | D:8      | Noticed a smoke demon
  9868 | D:8      | Noticed a smoke demon
  9881 | D:8      | HP: 11/66 [something/ball of steam[an obsidian statue]
                  | (16)]
 10005 | D:8      | Found an opulent altar of Gozag.
 10011 | D:8      | Became a worshipper of Gozag Ym Sagoz the Greedy
 10258 | D:8      | Reached skill level 6 in Dodging
 10258 | D:8      | Reached skill level 8 in Air Magic
 11086 | D:9      | Noticed a boulder beetle
 11480 | D:9      | Reached skill level 6 in Conjurations
 11517 | D:9      | Learned a level 4 spell: Flame Wave
 11629 | D:9      | HP: 14/68 [orc warrior/+2 vorpal flail (13)]
 11813 | D:9      | Found a staircase to the Orcish Mines.
 12003 | D:9      | Reached skill level 6 in Fighting
 12003 | D:9      | Reached skill level 4 in Ice Magic
 12163 | D:9      | Noticed Amaemon
 12200 | D:9      | Killed a boulder beetle
 12201 | D:9      | Reached skill level 6 in Spellcasting
 12201 | D:9      | Reached skill level 1 in Fire Magic
 12339 | D:9      | Got Sif Muna's Catalogue of the Summer
 12506 | D:9      | Found a stormy altar of Qazlal.
 12640 | D:9      | Found a hazy altar of Hepliaklqana.
 12729 | D:9      | Noticed an orange demon
 12749 | D:9      | Killed an orange demon
 12750 | D:9      | Reached XP level 11. HP: 73/73 MP: 15/20
 13091 | D:10     | Entered Level 10 of the Dungeon
 13183 | D:10     | Reached skill level 2 in Fire Magic
 13333 | D:10     | Reached skill level 7 in Dodging
 13409 | D:10     | Found a staircase to the Lair.
 13592 | D:10     | Found an ornate altar of the Wu Jian Council.
 13729 | D:10     | Reached skill level 5 in Ice Magic
 13734 | D:10     | HP: 15/74 [vampire mosquito (6)]
 13735 | D:10     | Engulfed by a cloud of freezing vapour

Illustrated notes

Levels and vault maps discovered:
D:1:      minmay_arrival_four_houses, layout_basic, minmay_tromino_v4_c
D:2:      layout_basic, basic_altar, serial_glass, glass_columns_c,
          glass_columns_a, basic_ecumenical_altar, dk_noncrumbling_3
D:3:      layout_loops_corners, gammafunk_ghost_mausoleum, serial_shops,
          nicolae_shop_bloodbath_and_beyond
D:4:      layout_loops_ring
D:5:      layout_rooms, kennysheep_mini, hangedman_ru_absence,
          mainiacjoe_overflow_six_doors_small, kennysheep_okawaru_gauntlet,
          ebering_ghost_disaster_area, serial_rivers,
          chequers_serial_rivers_room_b, chequers_serial_rivers_small_b,
          chequers_serial_rivers_micro_c, chequers_serial_rivers_micro_a
D:6:      layout_cave_pods, minmay_pentangle, uniq_blork_the_orc
D:7:      layout_basic, minmay_temple_entry_enclosed_plants,
          chequers_serial_rivers_small_b, hangedman_decor_slide_cut
D:8:      statuecave_lemuel, layout_basic, grunt_gozag_statues, eino_jars
D:9:      layout_irregular_city, nicolae_qazlal_eye_of_the_storm,
          nicolae_hepliaklqana_hazy_memory, erik_orc_2, serial_co_window_serial,
          co_window_paths_a, co_window_of_opportunity_a, co_window_paths_b,
          co_window_of_opportunity_a, co_window_paths_b,
          co_window_of_opportunity_a, co_window_corner_a, co_window_paths_c,
          co_window_2corner, co_window_corner_b, co_window_2corner,
          glass_columns_a, glass_columns_a, glass_columns_b, glass_columns_a,
          nzn_sisyphean_effort, uniq_amaemon
D:10:     minmay_recursive_quarters, layout_basic, marbit_many_paths,
          amcnicky_altar_gilded, erik_lair_orcish_takeover
Temple:   nicolae_temple_ecumenical_triangle

Skill      XL: |  1  2  3  4  5  6  7  8  9 10 11 |
---------------+----------------------------------+-----
Fighting       | 1 2 3 4 5 6 |  6.7
Conjurations   | 2 3 4 5 6 |  6.9
Air Magic      | 4 5 7 8 |  8.2
Dodging        | 3 4 5 6 7 |  7.1
Translocations | 1 2 4 |  4.0
Spellcasting   | 3 4 5 6 |  6.5
Ice Magic      | 2 4 5 |  5.0
Fire Magic     | 1 2 |  2.7
Stealth        | |  2.6

Action                   |  1- 3 |  4- 6 |  7- 9 | 10-12 || total
-------------------------+-------+-------+-------+-------++-------
Melee: Unarmed           |     8 |       |       |       ||     8
       Constrict         |     1 |       |    10 |     6 ||    17
       Tentacles         |     1 |       |     7 |     7 ||    15
       Trident           |       |     3 |    39 |    32 ||    74
       Punch             |       |       |       |     2 ||     2
 Cast: Shock             |    97 |   125 |   156 |   111 ||   489
       Airstrike         |       |       |    34 |    68 ||   102
       Blink             |       |       |     1 |     6 ||     7
       Flame Wave        |       |       |       |     4 ||     4
       Freezing Cloud    |       |       |       |     4 ||     4
Evoke: Wand              |       |       |       |     5 ||     5
  Use: Scroll            |     3 |     3 |     5 |     5 ||    16
       Potion            |       |       |     1 |     1 ||     2
 Stab: Sleeping          |       |       |     2 |       ||     2
Armor: Skin              |     1 |     3 |     3 |     2 ||     9
Dodge: Dodged            |     9 |    17 |    72 |    71 ||   169

Table legend: (Time is in decaauts)
 A = Elapsed time spent in this place.
 B = Non-inter-level travel time spent in this place.
 C = Inter-level travel time spent in this place.
 D = Time resting spent in this place.
 E = Time spent auto-exploring this place.
 F = Levels seen in this place.
 G = Mean time per level.
                   A        B        C        D        E       F      G
               +--------+--------+--------+--------+--------+-----+--------+
         Total |  13755 |  13054 |    701 |   4144 |   6071 |  11 | 1250.5 |
       Dungeon |  13698 |  13014 |    684 |   4144 |   6056 |  10 | 1369.8 |
        Temple |     57 |     40 |     17 |      0 |     15 |   1 |   57.0 |
               +--------+--------+--------+--------+--------+-----+--------+

Top non-repeatable levels by time:
     D:9: 2217 daAuts
     D:8: 1701 daAuts
     D:6: 1635 daAuts
     D:1: 1521 daAuts
     D:2: 1325 daAuts
     D:5: 1181 daAuts
     D:7: 1174 daAuts
     D:4: 1169 daAuts
     D:3: 1124 daAuts
    D:10: 646 daAuts
  Temple: 57 daAuts

Table legend:
 A = Kills in this place as a percentage of kills in entire the game.
 B = Kills by you in this place as a percentage of kills by you in the entire game.
 C = Kills by friends in this place as a percentage of kills by friends in the entire game.
 D = Other kills in this place as a percentage of other kills in the entire game.
 E = Experience gained in this place as a percentage of experience gained in the entire game.
 F = Experience gained in this place divided by the number of levels of this place that you have seen.
                   A       B       C       D       E      F
               +-------+-------+-------+-------+-------+----------------------
         Total | 100.0 | 100.0 |   N/A |   N/A | 100.0 | 1097.1
       Dungeon | 100.0 | 100.0 |   N/A |   N/A | 100.0 | 1206.8
               +-------+-------+-------+-------+-------+----------------------
